 Dungeon Crawl Stone Soup version 0.21-a0-178-g0b87683 (webtiles) character file.

875 Dfrag the Firebug (level 8, 0/62 HPs)
             Began as a Naga Fire Elementalist on Aug 10, 2017.
             Slain by a centaur (9 damage)
             ... on level 5 of the Dungeon.
             The game lasted 00:07:05 (3272 turns).

Dfrag the Firebug (Naga Fire Elementalist)          Turns: 3272, Time: 00:07:05

Health: 0/62       AC:  4    Str: 11    XL:     8   Next: 4%
Magic:  11/15      EV: 10    Int: 17    God:
Gold:   275        SH:  0    Dex: 12    Spells: 3/16 levels left

rFire    + . .     SeeInvis +   f - +3 short sword
rCold    x . .     Gourm    .   (no shield)
rNeg     . . .     Faith    .   a - +1 robe
rPois    +         Spirit   .   (no helmet)
rElec    .         Reflect  .   (no cloak)
rCorr    .         Harm     .   (no gloves)
MR       +....                  (no barding)
Stlth    ++........             (no amulet)
HPRegen  0.20/turn              u - ring of fire
MPRegen  0.14/turn              (no ring)

@: very slow
A: see invisible, deformed body, poison resistance, slowness 2, slow metabolism
1, spit poison 1, AC +2
a: Spit Poison


You were on level 5 of the Dungeon.
You were near starving.

You visited 2 branches of the dungeon, and saw 6 of its levels.

You collected 275 gold pieces.

Inventory:

Hand Weapons
 f - a +3 short sword (weapon)
 p - a +0 spear of piercing
Armour
 a - a +1 robe (worn)
Jewellery
 u - a ring of fire (left hand)
Scrolls
 d - 3 scrolls of remove curse
 g - 2 scrolls of enchant armour
 h - a scroll of teleportation
 k - a scroll of noise {unknown}
 l - a scroll of fear {unknown}
 n - a scroll of recharging {unknown}
 o - a scroll of enchant weapon {unknown}
 q - 7 scrolls of identify {unknown}
 r - a scroll of magic mapping {unknown}
 s - 3 scrolls of fog {unknown}
 t - 3 scrolls of amnesia {unknown}
 v - a scroll of blinking {unknown}
Potions
 e - 2 potions of might {unknown}
 i - 2 potions of curing {unknown}
 j - a potion of invisibility {unknown}
 x - a potion of haste {unknown}
 z - a potion of resistance {unknown}
 B - 2 potions of heal wounds
 C - a potion of agility {unknown}
Books
 b - a book of Flames

   Spells                             Type                      Level
   a - Flame Tongue                   Conjuration/Fire             1
   b - Throw Flame                    Conjuration/Fire             2
   c - Conjure Flame                  Conjuration/Fire             3
   d - Inner Flame                    Hexes/Fire                   3
   e - Sticky Flame                   Conjuration/Fire             4
   f - Fireball                       Conjuration/Fire             5
 y - a book of Cantrips

   Spells                             Type                      Level
   a - Confusing Touch                Hexes                        1
   b - Animate Skeleton               Necromancy                   1
   c - Summon Small Mammal            Summoning                    1
   d - Apportation                    Translocation                1
 D - a book of Misfortune

   Spells                             Type                      Level
   a - Confusing Touch                Hexes                        1
   b - Confuse                        Hexes                        3
   c - Gell's Gravitas                Translocation                3
   d - Petrify                        Transmutation/Earth          4
   e - Metabolic Englaciation         Hexes/Ice                    5
   f - Yara's Violent Unravelling     Hexes/Transmutation          5
Comestibles
 c - 4 bread rations
 m - 2 fruits
 w - a meat ration
 A - a royal jelly


   Skills:
 - Level 1.5 Dodging
 - Level 3.0 Stealth
 + Level 4.9 Spellcasting
 + Level 4.8 Conjurations
 + Level 6.2 Fire Magic


You had 3 spell levels left.
You knew the following spells:

 Your Spells              Type           Power        Failure   Level  Hunger
a - Flame Tongue          Conj/Fire      ####.        1%          1    None
b - Conjure Flame         Conj/Fire      ####....     4%          3    ###....
c - Sticky Flame          Conj/Fire      ####....     14%         4    ####...
d - Fireball              Conj/Fire      ####......   38%         5    ######.


Dungeon Overview and Level Annotations

Branches:
Dungeon (5/15)             Temple (1/1) D:4

Altars:
Ashenzari
Cheibriados
Dithmenos
Elyvilon
Fedhas
Gozag
Hepliaklqana
Kikubaaqudgha
Makhleb
Nemelex Xobeh
Qazlal
Ru
Sif Muna
Uskayaw
Wu Jian
Xom
Yredelemnul

Annotations:
D:5 valhalheru's ghost, novice HOFi


Innate Abilities, Weirdness & Mutations

You cannot wear boots.
Your serpentine skin is tough. (AC +2)
You have supernaturally acute eyesight. (SInv)
Armour fits poorly on your strangely shaped body.
Your system is resistant to poisons. (rPois)
You cover ground very slowly.
You have a slow metabolism.
You can spit poison.


Message History

The centaur shouts!
The centaur wields a shortbow.
The centaur shoots an arrow.
The arrow hits you!
* * * LOW HITPOINT WARNING * * *
The centaur shoots an arrow.
The arrow hits you.
* * * LOW HITPOINT WARNING * * *
The centaur unwields an uncursed shortbow.
The centaur misses you.
Found a war axe.
Found a stone staircase leading down.
There is an open door here.
Unknown command.
Casting: Flame Tongue
Confirm with . or Enter, or press ? or * to list all spells.
Aiming: Sticky Flame
Press: ? - help, Shift-Dir - straight line, f - centaur
Aim: a centaur You feel a surge of power!
The sticky flame hits the centaur.
The centaur is moderately wounded.
The centaur is covered in liquid flames!
The centaur burns!
The centaur hits you!
You die...

####### ##########
..).... #........#
....... '........#
.......
#..<....#########.......
#.......##..##..#....>..
#..............(#.....#
##..............@c....#
#################.....#
#........ ...^.#
'(....... ##+###
#........ .........
......... .........
.........


You could see a centaur (burning).

Vanquished Creatures
  The ghost of skwerlee the Chopper, an amateur DsGl (D:4)
  A centaur (D:5)
  The ghost of Atlas the Sneak, an amateur VSAs (D:3)
  A howler monkey (D:4)
  A crimson imp (D:5)
  An orc priest (D:4)
  Natasha (twice) (D:2)
  A worker ant (D:4)
  5 orc wizards
  3 adders
  7 gnolls (D:2)
  A shadow imp (D:5)
  2 oozes
  4 dart slugs
  4 leopard geckos
  9 orcs
  A ball python (D:2)
  8 giant cockroaches
  7 goblins
  7 hobgoblins
  6 jackals
  11 kobolds
  2 quokkas
  11 bats
  4 frilled lizards
  A leopard gecko skeleton (D:4)
  7 rats
109 creatures vanquished.

Notes
Turn   | Place    | Note
-------+----------+-------------------------------------------
     0 | D:1      | Dfrag the Naga Fire Elementalist began the quest for the Orb.
     0 | D:1      | Reached XP level 1. HP: 15/15 MP: 3/3
    75 | D:1      | Reached XP level 2. HP: 17/22 MP: 1/5
   284 | D:1      | Reached XP level 3. HP: 6/28 MP: 3/6
   665 | D:2      | Noticed Natasha
   820 | D:2      | Reached XP level 4. HP: 36/36 MP: 3/8
  1072 | D:2      | Reached skill level 4 in Fire Magic
  1173 | D:2      | Found a blossoming altar of Fedhas.
  1241 | D:2      | Reached XP level 5. HP: 17/42 MP: 6/9
  1489 | D:2      | Killed Natasha
  1574 | D:2      | Noticed Natasha
  1578 | D:2      | Killed Natasha
  1675 | D:3      | Noticed Atlas's ghost (amateur VSAs)
  1683 | D:3      | Killed Atlas's ghost
  1683 | D:3      | Reached XP level 6. HP: 48/49 MP: 5/11
  1728 | D:3      | Found a shadowy altar of Dithmenos.
  1916 | D:3      | Reached skill level 5 in Fire Magic
  2204 | D:4      | Reached XP level 7. HP: 21/55 MP: 2/13
  2469 | D:4      | Found a shattered altar of Ashenzari.
  2533 | D:4      | Noticed skwerlee's ghost (amateur DsGl)
  2555 | D:4      | Learned a level 3 spell: Conjure Flame
  2560 | D:4      | Learned a level 4 spell: Sticky Flame
  2566 | D:4      | Learned a level 5 spell: Fireball
  2895 | D:4      | Killed skwerlee's ghost
  2895 | D:4      | Reached skill level 6 in Fire Magic
  2978 | D:4      | Found a staircase to the Ecumenical Temple.
  3009 | Temple   | Entered the Ecumenical Temple
  3137 | D:5      | Entered Level 5 of the Dungeon
  3219 | D:5      | Reached XP level 8. HP: 10/62 MP: 10/15
  3238 | D:5      | Noticed valhalheru's ghost (novice HOFi)
  3272 | D:5      | Slain by a centaur

Vault maps used:
D:1:      dpeg_arrival_round_c
D:2:      overflow_temple_1_default, uniq_natasha
D:3:      kennysheep_six_static_rooms, grunt_dithmenos_smoke_and_mirrors
D:4:      ashenzari_conservatory_becter, grunt_temple_overflow_open,
          minmay_temple_entry_enclosed_plants, first_bread, corner_web_ring
D:5:      uniq_menkaure
Temple:   jpeg_temple_clearing

Skill      XL: |  1  2  3  4  5  6  7 |
---------------+----------------------+-----
Conjurations   | 2 3 4 |  4.8
Spellcasting   | 3 4 |  4.9
Fire Magic     | 4 5 6 |  6.2
Dodging        | |  1.5
Stealth        | |  3.0

Action                   |  1- 3 |  4- 6 |  7- 9 || total
-------------------------+-------+-------+-------++-------
Melee: Unarmed           |    10 |       |       ||    10
       Short sword       |     6 |    37 |    34 ||    77
 Cast: Flame Tongue      |    45 |    80 |    39 ||   164
       Conjure Flame     |       |       |     2 ||     2
       Sticky Flame      |       |       |     1 ||     1
 Abil: Spit Poison       |    28 |    22 |     9 ||    59
  Use: Potion            |       |     3 |       ||     3
       Scroll            |       |       |     4 ||     4
 Stab: Sleeping          |     1 |       |       ||     1
  Eat: Chunk             |     1 |     5 |     2 ||     8
Armor: Robe              |     8 |    18 |    21 ||    47
       Skin              |       |     5 |       ||     5
Dodge: Dodged            |    33 |    43 |    33 ||   109
